 Dungeon Crawl Stone Soup version 0.29.1-2-gbd0b4ee654 (webtiles) character file.

Game seed: 16806209035566385628

23180 DemonSlayer the Thaumaturge (level 12, -6/85 HPs)
             Began as a Demonspawn Fire Elementalist on Nov 5, 2022.
             Was the Champion of Cheibriados.
             Mangled by Snorg (9 damage)
             ... on level 11 of the Dungeon.
             The game lasted 00:49:08 (23857 turns).

DemonSlayer the Thaumaturge (DsFE)                 Turns: 23857, Time: 00:49:09

Health: -6/85      AC: 14    Str: 16    XL:     12   Next: 69%
Magic:  25/27      EV: 17    Int: 39    God:    Cheibriados [******]
Gold:   736        SH:  0    Dex: 38    Spells: 2/34 levels left

rFire   + + .      SeeInvis +   b - +5 war axe of the Endless March {freeze, rPois Str-5 Int+3 Dex+8}
rCold   + . .      Faith    +   (no shield)
rNeg    . . .      Spirit   .   D - +4 ring mail {rF+}
rPois   +          Reflect  .   (helmet unavailable)
rElec   .          Harm     .   o - +0 cloak
rCorr   .          Rampage  .   (no gloves)
Will    .....                   i - +0 pair of boots
Stlth   +++.......              F - amulet of faith
HPRegen 0.24/turn               f - ring of protection from cold
MPRegen 0.20/turn               q - ring of flight

@: on berserk cooldown, flying, slowed, very slow
A: antennae 3, molten scales 1, foul stench 2, powered by death 2, fire
resistance 1, poison resistance, weak 1
a: Renounce Religion, Bend Time, Temporal Distortion, Slouch, Step From Time


You were on level 11 of the Dungeon.
You worshipped Cheibriados.
Cheibriados was exalted by your worship.
You visited 3 branches of the dungeon, and saw 15 of its levels.
You also visited: Ossuary.

You collected 1282 gold pieces.
You spent 546 gold pieces at shops.

Inventory:

Hand Weapons
 b - the +5 war axe of the Endless March (weapon) {freeze, rPois Str-5 Int+3 Dex+8}
   (You found it on level 8 of the Dungeon)

   It freezes those it strikes, dealing additional cold damage.
   It can also slow down cold-blooded creatures.
   Str:       It affects your strength (-5).
   Int:       It affects your intelligence (+3).
   Dex:       It affects your dexterity (+8).
   rPois:     It protects you from poison.
Missiles
 B - a throwing net
Armour
 i - a +0 pair of boots (worn)
 o - a +0 cloak (worn)
 D - a +4 ring mail of fire resistance (worn)
Jewellery
 f - a ring of protection from cold (left hand)
 q - a ring of flight (right hand)
 w - a ring of ice
 F - an amulet of faith (around neck)
 G - a +6 ring of intelligence
Wands
 j - a wand of mindburst (6)
 t - a wand of polymorph (13)
 v - a wand of flame (30)
 y - a wand of paralysis (14)
 L - a wand of acid (5)
Scrolls
 c - a scroll of enchant weapon
 n - 2 scrolls of magic mapping
 s - 3 scrolls of teleportation
 u - a scroll of fear
 x - a scroll of butterflies
 A - a scroll of brand weapon
 C - a scroll of silence
 I - 2 scrolls of blinking
Potions
 a - a potion of resistance
 d - 6 potions of mutation
 e - 6 potions of lignification
 g - 2 potions of might
 h - 5 potions of curing
 k - a potion of cancellation
 l - 6 potions of flight
 m - 2 potions of heal wounds
 p - 5 potions of brilliance
 r - 2 potions of attraction
 z - 2 potions of ambrosia
 E - 2 potions of magic
 J - a potion of degeneration {unknown}
 K - a potion of haste {unknown}


   Skills:
 + Level 4.8 Fighting
 + Level 3.5 Short Blades
 + Level 4.8 Axes
 + Level 0.1 Throwing
 + Level 5.0 Armour
 + Level 5.0 Dodging
 + Level 4.1 Stealth
 + Level 1.1 Unarmed Combat
 + Level 11.6 Spellcasting
 + Level 4.4 Conjurations
 + Level 2.0 Hexes
 + Level 11.1 Fire Magic
 + Level 1.0 Evocations


You had 2 spell levels left.
You knew the following spells:

 Your Spells              Type           Power      Damage    Failure   Level
a - Foxfire               Conj/Fire      100%       2x1d9     1%          1
b - Scorch                Fire           100%       2d10      1%          2
c - Conjure Flame         Conj/Fire      71%        6-21      1%          3
d - Flame Wave            Conj/Fire      71%        2d16      1%          4
e - Tukima's Dance        Hex            38%        N/A       3%          3
f - Fire Storm            Conj/Fire      35%        8d9       100%        9
g - Sticky Flame          Conj/Fire      71%        2d8       1%          4
h - Ignite Poison         Fire/Tmut/Pois 51%        N/A       1%          3
i - Dazzling Flash        Conj/Hex       96%        N/A       2%          3

Your spell library contained the following spells:

 Spells                   Type           Power      Damage    Failure   Level
 Sublimation of Blood     Necr           22%        N/A       4%          2
 Wereblood                Tmut           22%        N/A       4%          2
 Inner Flame              Hex/Fire       65%        N/A       1%          3
 Portal Projectile        Hex/Tloc       60%        N/A       5%          3
 Cause Fear               Hex            19%        N/A       12%         4
 Corpse Rot               Necr/Pois/Air  22%        N/A       28%         4
 Dispel Undead            Necr           22%        3d12      28%         4
 Silence                  Hex/Air        15%        N/A       45%         5
 Agony                    Necr           22%        N/A       61%         5
 Alistair's Intoxication  Tmut/Pois      14%        N/A       61%         5
 Blade Hands              Tmut           11%        N/A       61%         5
 Borgnjor's Vile Clutch   Necr/Erth      11%        N/A       61%         5
 Death Channel            Necr           11%        N/A       99%         6
 Eringya's Noxious Bog    Tmut/Pois      11%        N/A       99%         6
 Summon Hydra             Summ           11%        N/A       100%        7
 Discord                  Hex            19%        N/A       100%        8
 Chain Lightning          Conj/Air       20%        3d26      100%        9
 Shatter                  Erth           11%        3d12*     100%        9


Dungeon Overview and Level Annotations

Branches:
Dungeon (11/15)            Temple (1/1) D:4            Lair (3/5) D:10
  Swamp (0/4) Lair:3       Spider (0/4) Lair:3      Ossuary (visited)
    Orc: D:9-12

Altars:
Cheibriados
Dithmenos
Fedhas
Gozag
Hepliaklqana
Kikubaaqudgha
Makhleb
Nemelex Xobeh
Okawaru
Qazlal
Ru
Sif Muna
Trog
Uskayaw
Vehumet
Wu Jian
Xom
Yredelemnul

Shops:
D:4 !   D:9 *([   D:10 :

Annotations:
D:11 Snorg
Lair:1 1 runed translucent door, Godmorgon's ghost, journeyman TeCj


Innate Abilities, Weirdness & Mutations

You have a pair of large antennae on your head. (SInv)
You are partially covered in molten scales. (AC +2)
You sometimes emit foul miasma when damaged in melee.
You regenerate health from kills.
Your flesh is heat resistant. (rF+)
Your system is resistant to poisons. (rPois)
You are weak. (Str -2)


Message History

You closely miss Snorg.
The boulder beetle burns!
Snorg is engulfed in dark miasma.
Snorg looks even sicker.
Snorg seems to slow down.
Snorg completely misses you. Snorg claws you!
Snorg claws you but does no damage. The boulder beetle misses you.
Snorg is engulfed in dark miasma.
Snorg looks as sick as possible!
Snorg bites you! Snorg claws you but does no damage. Snorg barely misses you.
You are too injured to fight recklessly!
You slash the boulder beetle! You freeze the boulder beetle.
The boulder beetle is almost dead.
You slash the gargoyle! You freeze the gargoyle. You slash Snorg!
You freeze Snorg.
The boulder beetle burns!
You kill the boulder beetle!
Cheibriados thoroughly appreciates the change of pace.
The gargoyle barely misses you.
Snorg is engulfed in dark miasma.
Snorg looks as sick as possible!
Snorg seems to slow down.
Snorg bites you. Snorg claws you but does no damage. x2
You barely miss Snorg.
Snorg is lightly wounded.
You hit the gargoyle but do no damage. The gargoyle hits you with a +0 mace!
Snorg is engulfed in dark miasma.
Snorg looks as sick as possible!
Snorg barely misses you. Snorg closely misses you. Snorg claws you!
The gargoyle hits you with a +0 mace.
Snorg is engulfed in dark miasma.
Snorg looks as sick as possible!
Snorg seems to slow down.
Snorg bites you. Snorg claws you.
* * * LOW HITPOINT WARNING * * *
Snorg claws you!
* * * LOW HITPOINT WARNING * * *
You slice Snorg!! You freeze Snorg.
Snorg is moderately wounded.
You hit the gargoyle. You freeze the gargoyle. The gargoyle misses you.
Snorg closely misses you. Snorg claws you!
* * * LOW HITPOINT WARNING * * *
Snorg claws you!
* * * LOW HITPOINT WARNING * * *
You are no longer berserk.
You are exhausted.
You feel yourself slow down.
The gargoyle hurls a stone arrow at you.
The stone arrow misses you. Snorg bites you!
You die...

#########################
.......#.................
.......#.................
.......#.................
.......#.................
......9T.................
....$..#@................
.......#.................
.......#.................
###....##################
...... ......... .......
......... ....... ..
......... ... .........
..######....#


You could see Snorg (berserk, extremely poisoned, slow) and a gargoyle.

Vanquished Creatures
  Gastronok (D:11)
  Fannar (Lair:3)
  A boulder beetle (D:11)
  2 hydras
  3 two-headed ogres
  3 catoblepae
  A bog body (Lair:3)
  4 black mambas
  Joseph (D:9)
  A gargoyle (D:11)
  A cane toad (Lair:2)
  A rime drake (Lair:3)
  An unseen horror (D:11)
  11 komodo dragons
  A kobold demonologist (D:9)
  A troll (D:10)
  A polar bear (Lair:2)
  A hornet (D:11)
  5 blink frogs (Lair:3)
  A shadow (D:10)
  2 wraiths
  2 wyverns (D:8)
  2 vampires (D:10)
  A basilisk (Lair:2)
  Eustachio (D:5)
  9 yaks (Lair:2)
  3 wargs (D:10)
  An acid dragon (D:9)
  10 water moccasins
  5 orc warriors
  2 black bears
  An ice beast (D:8)
  3 phantoms
  6 wolves (Lair:1)
  2 centaurs
  3 kobold brigands
  Blork the orc (D:5)
  7 bullfrogs
  3 scorpions
  A gnoll sergeant (D:8)
  7 wights (D:8)
  3 killer bees (D:8)
  4 howler monkeys
  6 hounds
  2 jellies
  An orc priest (D:10)
  A gnoll bouda (D:6)
  Ijyb (D:5)
  13 orc wizards
  2 iguanas
  9 mummies
  15 adders
  7 gnolls (D:6)
  A shadow imp (D:6)
  2 white imps
  An ufetubus (D:6)
  2 worms
  30 orcs
  15 ball pythons
  4 endoplasms
  3 giant cockroaches
  3 goblins (D:1)
  6 hobgoblins
  10 jackals
  15 kobolds
  4 quokkas
  6 bats
  A gnoll zombie (Ossuary)
  3 hobgoblin zombies (Ossuary)
  2 kobold zombies (Ossuary)
  2 orc zombies (Ossuary)
  3 rats
291 creatures vanquished.

Vanquished Creatures (collateral kills)
  24 foxfires (D:2)
24 creatures vanquished.

Vanquished Creatures (others)
  A dancing weapon (D:11)
  368 foxfires
  13 fungi
  26 plants
  5 toadstools (D:6)
413 creatures vanquished.

Grand Total: 728 creatures vanquished

Notes
Turn   | Place    | Note
-------+----------+-------------------------------------------
     0 | D:1      | DemonSlayer the Demonspawn Fire Elementalist began the
                  | quest for the Orb.
     0 | D:1      | Reached XP level 1. HP: 13/13 MP: 3/3
   559 | D:1      | Gained mutation: You may rarely emit foul miasma when
                  | damaged in melee. [demonic ancestry]
   559 | D:1      | Reached XP level 2. HP: 19/19 MP: 0/5
  1489 | D:1      | Reached XP level 3. HP: 24/24 MP: 1/6
  1616 | D:1      | Learned a level 2 spell: Scorch
  1620 | D:1      | Learned a level 3 spell: Conjure Flame
  2060 | D:2      | Identified the +4 pair of boots of Spring {rPois Str+4
                  | Stlth-}
  2753 | D:2      | Gained mutation: You are weak. (Str -2) [potion of
                  | mutation]
  2753 | D:2      | Gained mutation: Your flesh is heat resistant. (rF+)
                  | [potion of mutation]
  2753 | D:2      | Gained mutation: You have a pair of small antennae on your
                  | head. [potion of mutation]
  2753 | D:2      | Gained mutation: Your system is resistant to poisons.
                  | (rPois) [potion of mutation]
  2754 | D:2      | Gained mutation: You are partially covered in molten
                  | scales. (AC +2) [demonic ancestry]
  2754 | D:2      | Reached XP level 4. HP: 14/30 MP: 0/7
  4341 | D:3      | Reached skill level 1 in Short Blades
  4598 | D:4      | You are sucked into a shaft and drop 1 floor!
  4598 | D:5      | Entered Level 5 of the Dungeon
  4639 | D:5      | Noticed a water moccasin
  4675 | D:5      | Noticed Eustachio
  4747 | D:5      | Noticed Ijyb
  4756 | D:5      | Killed Ijyb
  4853 | D:5      | Noticed Blork the orc
  4855 | D:5      | Noticed a phantom
  4861 | D:5      | Killed a phantom
  4862 | D:5      | Gained mutation: You sometimes emit foul miasma when
                  | damaged in melee. [demonic ancestry]
  4862 | D:5      | Reached XP level 5. HP: 31/36 MP: 2/9
  4903 | D:4      | Found a sand-covered staircase.
  4915 | Ossuary  | Entered an ossuary
  5656 | Ossuary  | Reached XP level 6. HP: 42/42 MP: 4/11
  6389 | Ossuary  | Learned a level 4 spell: Flame Wave
  6671 | D:4      | Found a staircase to the Ecumenical Temple.
  6730 | Temple   | Entered the Ecumenical Temple
  6958 | Temple   | Became a worshipper of Cheibriados the Contemplative
  6990 | D:4      | Found Zociocsuqira's Distillery.
  7098 | D:4      | Bought a potion of heal wounds for 65 gold pieces
  7098 | D:4      | Bought a potion of mutation for 104 gold pieces
  7098 | D:4      | Bought a potion of curing for 39 gold pieces
  7098 | D:4      | Bought 2 potions of curing for 78 gold pieces
  7098 | D:4      | Bought a potion of mutation for 104 gold pieces
  7702 | D:4      | Reached * piety under Cheibriados
  8080 | D:4      | Noticed a water moccasin
  8085 | D:4      | Gained mutation: You regenerate a little health from kills.
                  | [demonic ancestry]
  8085 | D:4      | Reached XP level 7. HP: 41/47 MP: 5/13
  8327 | D:4      | Learned a level 3 spell: Tukima's Dance
  8403 | D:5      | Reached skill level 5 in Fire Magic
  8929 | D:5      | Killed Eustachio
  9529 | D:5      | Reached skill level 5 in Spellcasting
  9581 | D:5      | Killed Blork the orc
  9637 | D:5      | Reached skill level 1 in Fighting
  9637 | D:5      | Mutation became permanent: You have a pair of small
                  | antennae on your head. [demonic ancestry]
  9637 | D:5      | Gained mutation: You have a pair of small antennae on your
                  | head. [demonic ancestry]
  9637 | D:5      | Reached XP level 8. HP: 47/54 MP: 6/15
  9979 | D:5      | Reached skill level 1 in Unarmed Combat
 10267 | D:6      | Found an opulent altar of Gozag.
 10284 | D:6      | Reached ** piety under Cheibriados
 11672 | D:7      | Reached *** piety under Cheibriados
 11945 | D:4      | Bought a potion of mutation for 104 gold pieces
 11945 | D:4      | Bought a potion of might for 52 gold pieces
 12065 | D:7      | Gained mutation: You regenerate health from kills. [demonic
                  | ancestry]
 12065 | D:7      | Reached XP level 9. HP: 61/61 MP: 9/18
 12709 | D:7      | Found a sacrificial altar of Ru.
 12867 | D:8      | Reached **** piety under Cheibriados
 13094 | D:8      | Identified the +5 war axe of the Endless March {freeze,
                  | rPois Str-5 Int+3 Dex+8}
 13367 | D:8      | Found a shimmering blue altar of Sif Muna.
 13974 | D:8      | Found an ancient bone altar of Kikubaaqudgha.
 14196 | D:9      | Found a burning altar of Makhleb.
 14295 | D:9      | Gained mutation: You have a pair of antennae on your head.
                  | [demonic ancestry]
 14295 | D:9      | Reached XP level 10. HP: 47/69 MP: 12/22
 14431 | D:9      | Found Qiow's Overcharged Wands.
 14622 | D:9      | Found Mekhlet's Antique Weapon Boutique.
 14622 | D:9      | Found Plog's Antique Armour Emporium.
 14665 | D:9      | Noticed Joseph
 14672 | D:9      | Killed Joseph
 14673 | D:9      | Reached skill level 1 in Axes
 14879 | D:9      | Learned a level 9 spell: Fire Storm
 15378 | D:10     | Entered Level 10 of the Dungeon
 15392 | D:10     | Found a staircase to the Lair.
 15400 | Lair:1   | Entered Level 1 of the Lair of Beasts
 15892 | Lair:1   | Reached skill level 1 in Armour
 16468 | Lair:1   | Noticed a catoblepas
 16471 | Lair:1   | Reached ***** piety under Cheibriados
 16487 | Lair:1   | Killed a catoblepas
 17279 | Lair:1   | Noticed a catoblepas
 17287 | Lair:1   | Killed a catoblepas
 17288 | Lair:1   | Reached XP level 11. HP: 57/75 MP: 17/24
 17465 | Lair:1   | Found a runed translucent door.
 17465 | Lair:1   | Noticed Godmorgon's ghost (journeyman TeCj)
 17673 | Lair:1   | Learned a level 4 spell: Sticky Flame
 17677 | Lair:1   | Learned a level 3 spell: Ignite Poison
 18339 | Lair:2   | Noticed a catoblepas
 18866 | Lair:2   | Killed a catoblepas
 19159 | Lair:2   | Reached skill level 1 in Hexes
 19336 | Lair:2   | Reached skill level 10 in Fire Magic
 20178 | Lair:2   | Reached skill level 10 in Spellcasting
 20460 | Lair:3   | Noticed a seven-headed hydra
 20464 | Lair:3   | Noticed a bog body
 20466 | Lair:3   | Killed an eight-headed hydra
 20832 | Lair:3   | Noticed Fannar
 20846 | Lair:3   | Killed Fannar
 20847 | Lair:3   | Reached skill level 1 in Evocations
 21053 | Lair:3   | Found a hole to the Spider Nest.
 21172 | Lair:3   | Gained mutation: You have a pair of large antennae on your
                  | head. (SInv) [demonic ancestry]
 21172 | Lair:3   | Reached XP level 12. HP: 73/83 MP: 16/26
 21346 | Lair:3   | Found a staircase to the Swamp.
 21802 | Lair:3   | Learned a level 3 spell: Dazzling Flash
 21873 | D:10     | Identified the +7 spear of the Yoke {antimagic, Will- rCorr
                  | Str+6 Dex+2}
 22370 | D:10     | Noticed a two-headed ogre
 22379 | D:10     | Killed a two-headed ogre
 22599 | D:10     | Noticed a two-headed ogre
 22605 | D:10     | Killed a two-headed ogre
 22785 | D:10     | Found Jiwkolum's Tremendous Tomes.
 22813 | D:10     | Reached ****** piety under Cheibriados
 23200 | D:11     | Noticed Gastronok
 23216 | D:11     | Killed Gastronok
 23322 | D:11     | Noticed a six-headed hydra
 23331 | D:11     | Killed a six-headed hydra
 23440 | D:11     | Noticed a two-headed ogre
 23448 | D:11     | Killed a two-headed ogre
 23449 | D:11     | Reached skill level 5 in Dodging
 23617 | D:11     | Reached skill level 5 in Armour
 23845 | D:11     | Noticed a boulder beetle
 23848 | D:11     | Noticed Snorg
 23854 | D:11     | Killed a boulder beetle
 23856 | D:11     | HP: 5/127 [Snorg (8)]
 23857 | D:11     | Mangled by Snorg

Illustrated notes

Levels and vault maps discovered:
D:1:      giann_wishing_wells, layout_basic
D:2:      layout_loops_corners, serial_bayou, serial_bayou_lake_a,
          serial_bayou_pond_d, serial_bayou_lagoon_b, serial_bayou_pond_d,
          serial_bayou_pond_b, reono_crystal_passage
D:3:      layout_loops_ring
D:4:      layout_basic, minmay_temple_entry_junction, gup_ossuary_entry_pyramid,
          serial_shops, shop, minmay_snake_closets
D:5:      layout_basic, uniq_ijyb, uniq_eustachio, uniq_blork_the_orc
D:6:      layout_basic, old_standard_altar, minmay_gold_behind_fungi
D:7:      layout_cave_pools, nicolae_ru_path_of_blood, nicolae_sextant
D:8:      layout_basic, kennysheep_orc_sif_temple, mainiacjoe_overflow_alcove_2,
          minmay_starry_boxes
D:9:      layout_basic, nicolae_overflow_hidden_temple,
          mainiacjoe_overflow_24_doors, nicolae_wooded_promenade,
          nicolae_shop_overcharged_wands, uniq_joseph
D:10:     layout_cave_pools, erik_lair_orcish_takeover,
          nicolae_shop_i_like_big_books
D:11:     layout_grid_maze, uniq_gastronok, uniq_snorg, uniq_urug
Temple:   compressed_dpeg_triangle_lava_temple
Lair:1:   layout_layer_cave, hellmonk_ghost_happy_afterlife,
          beast_lair_carwin_6, serial_bayou_shore_a, grunt_megastairs_4
Lair:2:   layout_misc_corridors
Lair:3:   layout_chaotic_city, skrybe_swamp_entry_bodies, dummy_spider_entry,
          st_stairs_12, grunt_megastairs_3, uniq_fannar

Skill      XL: |  1  2  3  4  5  6  7  8  9 10 11 12 |
---------------+-------------------------------------+-----
Fire Magic     | 3 4 5 6 8 9 10 11 | 11.1
Stealth        | 2 3 4 |  4.1
Dodging        | 2 3 4 5 |  5.0
Conjurations   | 2 3 4 |  4.4
Short Blades   | 1 3 |  3.5
Spellcasting   | 3 4 5 6 8 9 10 11 | 11.6
Fighting       | 1 2 3 4 |  4.8
Unarmed Combat | 1 |  1.1
Axes           | 2 3 4 |  4.8
Armour         | 3 4 5 |  5.0
Hexes          | 1 2 |  2.0
Evocations     | 1 |  1.0
Throwing       | |  0.1

Action                   |  1- 3 |  4- 6 |  7- 9 | 10-12 || total
-------------------------+-------+-------+-------+-------++-------
Melee: Dagger            |    20 |    47 |    18 |       ||    85
       Unarmed           |     1 |       |    11 |       ||    12
       Rapier            |       |       |    45 |       ||    45
       War axe           |       |       |    10 |   120 ||   130
       Punch             |       |       |       |     8 ||     8
Throw: Throwing net      |       |       |       |     2 ||     2
 Cast: Foxfire           |    96 |    97 |       |    30 ||   223
       Scorch            |       |    54 |   156 |   178 ||   388
       Sticky Flame      |       |       |       |    47 ||    47
       Tukima's Dance    |       |       |       |     5 ||     5
       Conjure Flame     |       |       |       |     2 ||     2
Evoke: Wand              |       |    11 |       |    10 ||    21
  Use: Potion            |     2 |     1 |     6 |    10 ||    19
       Scroll            |       |     5 |    19 |    15 ||    39
 Stab: Sleeping          |       |     2 |     1 |     3 ||     6
Armor: Robe              |     8 |    30 |    54 |       ||    92
       Skin              |       |       |     1 |       ||     1
       Ring mail         |       |       |     2 |   131 ||   133
Dodge: Dodged            |    30 |    40 |   138 |   252 ||   460
